 Dungeon Crawl Stone Soup version 0.31-a0-177-g4aa6249778 (webtiles) character file.

Game seed: 6177877519011478978

298 Moral the Changer (level 6, -1/41 HPs)
             Began as an Octopode Transmuter on June 18, 2023.
             Slain by an iguana (13 damage)
             ... on level 5 of the Dungeon.
             The game lasted 00:06:00 (2648 turns).

Moral the Changer (Octopode Transmuter)             Turns: 2648, Time: 00:06:00

Health: -1/41      AC:  1    Str: 11    XL:     6   Next: 36%
Magic:  10/10      EV: 19    Int: 15    God:
Gold:   210        SH:  0    Dex: 13    Spells: 8/11 levels left

rFire   . .          .
                       - Unarmed
rCold   . . .        (no shield)
rNeg    . . .        (helmet restricted)
rPois   .            d - amulet of regeneration
rElec   .            f - +5 ring of evasion
rCorr   .            (no ring)
SInv    .            (no ring)
Will    .....        (no ring)
Stlth   ++           (no ring)
HPRegen 1.06/turn    (no ring)
MPRegen 0.12/turn    (no ring)
                     (no ring)

%: no passive effects
@: no status effects
A: almost no armour, amphibious, 8 rings, camouflage 1, gelatinous body 1,
(nimble swimmer 1), tentacles
a: no special abilities


You were on level 5 of the Dungeon.
You visited 1 branch of the dungeon, and saw 4 of its levels.

You collected 210 gold pieces.

Inventory:

Jewellery
 d - an amulet of regeneration (around mantle)
 f - a +5 ring of evasion (left tentacle)
Wands
 m - a wand of flame (24)
 n - a wand of light (12)
 o - a wand of charming (11)
Scrolls
 c - a scroll of noise {unknown}
 e - a scroll of revelation {unknown}
 g - 2 scrolls of amnesia
 i - a scroll of fear
 j - a scroll of fog {unknown}
 l - 2 scrolls of identify
Potions
 a - 2 potions of lignification
 b - a potion of mutation {unknown}
 h - a potion of ambrosia {unknown}
 k - a potion of berserk rage {unknown}


   Skills:
 + Level 2.7 Fighting
 + Level 3.1 Dodging
 + Level 3.8 Unarmed Combat
 + Level 3.0 Spellcasting
 * Level 4.0 Transmutations


You had 8 spell levels left.
You knew the following spells:

 Your Spells              Type           Power      Damage    Failure   Level
a - Beastly Appendage     Tmut           28%        N/A       3%          1
b - Wereblood             Tmut           14%        N/A       6%          2

Your spell library contained the following spells:

 Spells                   Type           Power      Damage    Failure   Level
 Foxfire                  Conj/Fire      8%         2x1d4     21%         1
 Spider Form              Tmut/Pois      8%         N/A       26%         3
 Ignite Poison            Fire/Tmut/Pois 6%         N/A       34%         3
 Dazzling Flash           Conj/Hex       4%         N/A       52%         3
 Ice Form                 Ice/Tmut       8%         N/A       65%         4
 Sticky Flame             Conj/Fire      2%         2d3       89%         4
 Agony                    Necr           2%         N/A       99%         5
 Fireball                 Conj/Fire      1%         3d3       99%         5
 Silence                  Hex/Air        1%         N/A       99%         5
 Plasma Beam              Fire/Air       1%         2x1d11    100%        6
 Starburst                Conj/Fire      1%         6d3       100%        6
 Ignition                 Fire           1%         3d3       100%        8


Dungeon Overview and Level Annotations

Branches:
Dungeon (3/15)

Altars:

Shops:
D:3 :


Innate Abilities, Weirdness & Mutations

You cannot wear most types of armour.
You are amphibious.
You can wear up to eight rings at the same time.
Your skin changes colour to match your surroundings (Stealth+).
Your rubbery body absorbs attacks. (AC +1, EV +1)
((You are camouflaged when in or above water. (Stealth+)))
You have tentacles for arms and can constrict up to eight enemies at once.


Message History

You tentacle-slap the sleepcap.
You tentacle-slap the sleepcap, but do no damage.
The sleepcap is almost destroyed.
You constrict the sleepcap.
You destroy the sleepcap!
Your Transmutations skill increases to level 4!
A white imp comes into view.
The white imp shouts!
You tentacle-slap the white imp. You grab the white imp.
You squeeze the white imp!
You kill the white imp!
An iguana comes into view.
Your Spellcasting skill increases to level 3!
The iguana bites you!
You barely miss the iguana. You grab the iguana.
You constrict the iguana, but do no damage.
The iguana bites you!
You tentacle-slap the iguana but do no damage.
You constrict the iguana, but do no damage.
The iguana bites you.
You tentacle-slap the iguana but do no damage.
You squeeze the iguana.
The iguana is moderately wounded.
You constrict the iguana, but do no damage.
The iguana bites you!
* * * LOW HITPOINT WARNING * * *
You tentacle-slap the iguana but do no damage.
You squeeze the iguana, but do no damage.
The iguana is moderately wounded.
You constrict the iguana. The iguana closely misses you.
You tentacle-slap the iguana but do no damage.
The iguana is heavily wounded.
You constrict the iguana. The iguana barely misses you.
You tentacle-slap the iguana but do no damage.
The iguana is severely wounded.
You constrict the iguana. The iguana closely misses you.
You tentacle-slap the iguana but do no damage.
The iguana is almost dead.
You constrict the iguana. The iguana bites you!
You die...

###..........#.##
####.###.####.#...
#........# #.#####
#.##.##### #.#
#....# #.# #..###
#.# #..# #.#
#..######......
#....@l.....#
#..######.### #..#
#..# #..# #..#
#... #..# #..#


You could see an iguana.

Vanquished Creatures
  Sigmund (D:3)
  A sleepcap (D:5)
  An adder (D:2)
  3 gnolls (D:2)
  A white imp (D:5)
  3 dart slugs
  4 worms
  2 orcs (D:3)
  3 ball pythons
  8 endoplasms
  A giant cockroach (D:2)
  4 goblins
  4 hobgoblins
  5 quokkas
  5 bats
  6 frilled lizards
  3 kobolds
  5 rats
60 creatures vanquished.

Notes
Turn   | Place    | Note
-------+----------+-------------------------------------------
     0 | D:1      | Moral the Octopode Transmuter began the quest for the Orb.
     0 | D:1      | Reached XP level 1. HP: 13/13 MP: 3/3
   350 | D:1      | Reached XP level 2. HP: 15/18 MP: 3/5
  1037 | D:1      | Found a faded altar of an unknown god.
  1258 | D:2      | Reached XP level 3. HP: 23/23 MP: 4/6
  1710 | D:2      | Reached XP level 4. HP: 26/29 MP: 5/7
  1713 | D:2      | Reached skill level 3 in Transmutations
  2202 | D:2      | Learned a level 2 spell: Wereblood
  2344 | D:3      | Found Xobos's Book Boutique.
  2416 | D:3      | Noticed Sigmund
  2425 | D:3      | Killed Sigmund
  2426 | D:3      | Reached XP level 5. HP: 33/35 MP: 6/9
  2426 | D:3      | Reached XP level 6. HP: 39/41 MP: 6/10
  2589 | D:3      | You fall into a shaft and drop 2 floors!
  2589 | D:5      | Entered Level 5 of the Dungeon
  2612 | D:5      | Reached skill level 4 in Transmutations
  2648 | D:5      | Slain by an iguana

Illustrated notes

Levels and vault maps discovered:
D:1:      mushboom_english_gardens, layout_basic,
          shapermc_ecumenical_altar_pompeii, nrook_mini_backslash
D:2:      layout_rooms, hangedman_decor_opposing
D:3:      layout_basic, serial_shops, nicolae_book_shop_shelving,
          grunt_decor_clamped, uniq_sigmund
D:5:      layout_loops_ring, nemelex_diamond_rough_becter, uniq_blork_the_orc

Skill      XL: |  1  2  3  4  5  6 |
---------------+-------------------+-----
Transmutations | 3 4 |  4.0
Fighting       | 2 |  2.7
Dodging        | 3 |  3.1
Spellcasting   | 3 |  3.0
Unarmed Combat | |  3.8

Action                     |  1- 3 |  4- 6 || total
---------------------------+-------+-------++-------
  Melee: Unarmed           |    68 |    61 ||   129
         Constrict         |    14 |    19 ||    33
         Kick              |    17 |    13 ||    30
         Tentacles         |    14 |    17 ||    31
         Punch             |     1 |     4 ||     5
   Cast: Beastly Appendage |    19 |    10 ||    29
         Wereblood         |       |     2 ||     2
    Use: Scroll            |       |     3 ||     3
   Stab: Sleeping          |     8 |     4 ||    12
 Armour: Skin              |     8 |     2 ||    10
  Dodge: Dodged            |    33 |    49 ||    82

Table legend: (Time is in decaauts)
 A = Elapsed time spent in this place.
 B = Non-inter-level travel time spent in this place.
 C = Inter-level travel time spent in this place.
 D = Time resting spent in this place.
 E = Time spent auto-exploring this place.
 F = Levels seen in this place.
 G = Mean time per level.
                   A        B        C        D        E       F      G
               +--------+--------+--------+--------+--------+-----+--------+
         Total |   2640 |   2555 |     85 |    396 |   1659 |   4 |  660.0 |
       Dungeon |   2640 |   2555 |     85 |    396 |   1659 |   4 |  660.0 |
               +--------+--------+--------+--------+--------+-----+--------+

Top non-repeatable levels by time:
     D:1: 1375 daAuts
     D:2: 836 daAuts
     D:3: 369 daAuts
     D:5: 58 daAuts
